 Dungeon Crawl Stone Soup version 0.32-a0-995-gb4a59205af (webtiles) character file.

Game seed: 12095994808413415576

3223 horus123 the Destroyer (level 9, 0/68 HPs)
             Began as a Demonspawn Earth Elementalist on Apr 22, 2024.
             Killed from afar by a steam dragon (13 damage)
             ... with a ball of steam
             ... on level 7 of the Dungeon.
             The game lasted 00:16:22 (6806 turns).

horus123 the Destroyer (DsEE)                       Turns: 6806, Time: 00:16:22

Health: 0/68       AC:  9    Str: 17    XL:     9   Next: 66%
Magic:  12/15      EV: 11    Int: 20    God:
Gold:   194        SH:  0    Dex: 13    Spells: 3/16 levels left

rFire   . . .        w - +8 quarterstaff of World Downfall {flame, rElec rN+}
rCold   . . .        (shield currently unavailable)
rNeg    + . .        a - +0 robe
rPois   .            J - +0 helmet
rElec   +            (no cloak)
rCorr   .            E - +1 pair of gloves "Ynwuull" {Slay+2 Stlth+}
SInv    .            (no boots)
Will    .....        (no amulet)
Stlth   +++          e - +4 ring of protection
HPRegen 0.31/turn    l - +6 ring of strength
MPRegen 0.14/turn

%: no passive effects
@: no status effects
A: foul stench 1, big brain 1, demonic magic 1, weakness stinger 2
a: no special abilities


You were on level 7 of the Dungeon.
You visited 2 branches of the dungeon, and saw 8 of its levels.
You also visited: Sewer.

You collected 383 gold pieces.
You spent 189 gold pieces at shops.

Inventory:

Hand Weapons
 d - a +0 short sword
 i - a +4 scythe of pain
 w - the +8 quarterstaff of World Downfall (weapon) {flame, rElec rN+}
   (You bought it in a shop on level 4 of the Dungeon)

   rElec:     It insulates you from electricity.
   rN+:       It protects you from negative energy.
Armour
 a - a +0 robe (worn)
 r - a +0 pair of gloves
 E - the +1 pair of gloves "Ynwuull" (worn) {Slay+2 Stlth+}
   (You found it in a sewer)

   Slay+2:    It affects your accuracy & damage with ranged weapons and melee
   (+2).
   Stlth+:    It makes you more stealthy.
 I - a +3 leather armour of willpower
 J - a +0 helmet (worn)
Magical Staves
 n - a staff of earth
Jewellery
 e - a +4 ring of protection (left hand)
 j - a ring of resist corrosion
 l - a +6 ring of strength (right hand)
 y - a +6 ring of intelligence
 K - a ring of protection from fire
Wands
 x - a wand of warping (14)
 C - a wand of mindburst (5)
 P - a wand of digging (2)
Scrolls
 c - 4 scrolls of identify {unknown}
 f - 2 scrolls of enchant armour {unknown}
 h - a scroll of fear {unknown}
 m - 3 scrolls of noise {unknown}
 p - 2 scrolls of fog {unknown}
 q - 2 scrolls of amnesia {unknown}
 u - 3 scrolls of teleportation {unknown}
 v - a scroll of enchant weapon {unknown}
 B - a scroll of vulnerability {unknown}
 G - a scroll of revelation {unknown}
 L - a scroll of blinking {unknown}
 M - 2 scrolls of immolation {unknown}
Potions
 g - 4 potions of curing
 k - 2 potions of haste {unknown}
 o - 3 potions of cancellation {unknown}
 s - a potion of berserk rage {unknown}
 t - 2 potions of mutation {unknown}
 z - a potion of attraction {unknown}
 A - a potion of resistance {unknown}
 D - 2 potions of invisibility {unknown}
 F - 2 potions of heal wounds {unknown}
 H - a potion of lignification {unknown}
 N - 2 potions of degeneration {unknown}
 O - a potion of ambrosia {unknown}


   Skills:
 - Level 5.0 Fighting
 + Level 3.4 Staves
 - Level 1.7 Dodging
 - Level 1.7 Stealth
 - Level 4.0 Spellcasting
 - Level 8.0 Conjurations
 - Level 6.0 Earth Magic
 - Level 5.4 Alchemy


You had 3 spell levels left.
You knew the following spells:

 Your Spells              Type           Power      Damage    Failure   Level
a - Sandblast             Erth           56%        2d13      1%          1
b - Stone Arrow           Conj/Erth      64%        3d11      2%          3
c - Mephitic Cloud        Conj/Alch/Air  21%        N/A       6%          3
d - Petrify               Alch/Erth      26%        N/A       12%         4
e - Mercury Vapours       Alch/Air       28%        N/A       6%          2

Your spell library contained the following spells:

 Spells                   Type           Power      Damage    Failure   Level
 Passwall                 Erth           28%        N/A       3%          3
 Dazzling Flash           Conj/Hex       40%        N/A       8%          3
 Brom's Barrelling Bould  Conj/Erth      32%        2d5       7%          4
 Freezing Cloud           Conj/Ice/Air   7%         6-21      77%         5
 Silence                  Hex/Air        2%         N/A       98%         5


Dungeon Overview and Level Annotations

Branches:
Dungeon (7/15)             Temple (1/1) D:7           Sewer (visited)

Altars:
Ashenzari
Cheibriados
Dithmenos
Hepliaklqana
Kikubaaqudgha
Nemelex Xobeh
Okawaru
Qazlal
Ru
Uskayaw
Wu Jian
Yredelemnul

Shops:
D:4 (   D:6 *(


Innate Abilities, Weirdness & Mutations

You may rarely emit foul miasma when damaged in melee.
You have an unusually large brain. (Int +2)
Spells you cast may paralyse adjacent enemies.
You have a tail ending in a sharp stinger.


Message History

The blast of sand hits the human.
The human is moderately wounded.
Malevolent energies surge around you. The human hits you with a +0 mace!
* * * LOW HITPOINT WARNING * * *
Aiming: Sandblast (safe; 1% risk of failure)
Press: ? - help, Q - select action, (/) - cycle Shift-Dir - straight line, f/p - human
Aim: a human, wielding a +0 mace and wearing a +0 leather armour (moderately wounded, 76% to hit)
The blast of sand hits the human but does no damage.
The human is moderately wounded.
Malevolent energies surge around you. The human misses you.
The human hits you with a +0 mace.
* * * LOW HITPOINT WARNING * * *
Aiming: Sandblast (safe; 1% risk of failure)
Press: ? - help, Q - select action, (/) - cycle Shift-Dir - straight line, f/p - human
Aim: a human, wielding a +0 mace and wearing a +0 leather armour (moderately wounded, 76% to hit)
The blast of sand hits the human but does no damage.
The human is moderately wounded.
Malevolent energies surge around you. The human misses you.
You bludgeon the human!! You burn the human!
You kill the human!
Your Staves skill increases to level 3!
You hit the steam dragon. You burn the steam dragon.
The steam dragon is heavily wounded.
The steam dragon misses you.
The steam dragon claws you but does no damage.
The steam dragon misses you.
The steam dragon claws you but does no damage.
You closely miss the steam dragon.
The steam dragon is heavily wounded.
The steam dragon bites you!
* * * LOW HITPOINT WARNING * * *
The steam dragon claws you.
* * * LOW HITPOINT WARNING * * *
Okay, then.
It was a potion of curing.
You feel better. The steam dragon breathes steam at you.
The ball of steam hits you!
You die...

.......# .###...................
..........# ##D)...##...........
....#.##..####.......#...#.#.#...
....###...#....#.#........##
...## ........####.#..#......
.... ........####)#.##...#.#
.....#....._ß_.pp#.........# #
........#......#D##........#
.......##......#@#......##...
........#...##.#.........#...
...........##.........#.##
......................#...
..#.....^. ...........#..... ##
......( .###.............
.##......# ##......#..?..
.......... #............
.......... #...#.!...p.p


You could see 2 humans and a steam dragon (catching breath).

Vanquished Creatures
  Pikel (D:4)
  Prince Ribbit (D:5)
  Sigmund (D:2)
  Eustachio (D:5)
  2 humans (D:7)
  Edmund (D:5)
  2 sky beasts (D:7)
  An orc warrior (D:7)
  3 black bears
  An ogre (D:6)
  4 lemures
  A bullfrog (D:6)
  A gnoll sergeant (D:6)
  3 scorpions
  A wight (D:4)
  2 howler monkeys (D:6)
  A bombardier beetle (D:5)
  An orc priest (D:7)
  4 jellies
  A human zombie (D:4)
  3 scorpion zombies (D:4)
  2 orc wizards
  2 sleepcaps
  A hound zombie (D:4)
  3 mummies (D:4)
  Robin (D:2)
  9 adders
  6 gnolls
  7 river rats
  5 white imps
  2 adder zombies (D:4)
  A dart slug (D:1)
  5 ribbon worms
  9 orcs
  14 ball pythons
  12 endoplasms
  3 giant cockroaches
  16 goblins
  10 hobgoblins
  8 jackals
  20 kobolds
  7 quokkas
  6 bats
  5 frilled lizards
  A quokka zombie (D:4)
  23 rats
214 creatures vanquished.

Notes
Turn   | Place    | Note
-------+----------+-------------------------------------------
     0 | D:1      | horus123 the Demonspawn Earth Elementalist began the quest
                  | for the Orb.
     0 | D:1      | Reached XP level 1. HP: 13/13 MP: 3/3
   166 | D:1      | Gained mutation: You may rarely emit foul miasma when
                  | damaged in melee. [demonic ancestry]
   166 | D:1      | Reached XP level 2. HP: 19/19 MP: 3/5
   618 | D:1      | Found a faded altar of an unknown god.
   744 | D:1      | Gained mutation: You have a small tail. [demonic ancestry]
   744 | D:1      | Reached XP level 3. HP: 20/24 MP: 3/7
  1214 | D:2      | Noticed Sigmund
  1221 | D:2      | Killed Sigmund
  1222 | D:2      | Gained mutation: You have an unusually large brain. (Int
                  | +2) [demonic ancestry]
  1222 | D:2      | Reached XP level 4. HP: 28/30 MP: 1/10
  1222 | D:2      | Gained mutation: Spells you cast may paralyse adjacent
                  | enemies. [demonic ancestry]
  1222 | D:2      | Reached XP level 5. HP: 32/35 MP: 1/11
  1226 | D:2      | Learned a level 3 spell: Stone Arrow
  1329 | D:2      | Noticed Robin
  1408 | D:2      | Killed Robin
  2396 | D:3      | Reached skill level 5 in Earth Magic
  2648 | D:3      | Learned a level 3 spell: Mephitic Cloud
  2653 | D:3      | Learned a level 4 spell: Petrify
  2706 | D:3      | Reached XP level 6. HP: 41/41 MP: 10/12
  2724 | D:3      | Learned a level 2 spell: Mercury Vapours
  2836 | D:4      | Found a basalt altar of Yredelemnul.
  3032 | D:4      | Reached skill level 2 in Conjurations
  3250 | D:4      | Found Ewnumy's Antique Weapon Shop.
  3261 | D:4      | Bought a steaming quarterstaff for 189 gold pieces
  3261 | D:4      | Identified the +8 quarterstaff of World Downfall {flame,
                  | rElec rN+} (You bought it in a shop on level 4 of the
                  | Dungeon)
  3560 | D:3      | Reached XP level 7. HP: 46/46 MP: 11/13
  3946 | D:5      | Entered Level 5 of the Dungeon
  3949 | D:5      | Reached skill level 3 in Conjurations
  4047 | D:5      | Reached skill level 4 in Conjurations
  4234 | D:5      | Noticed Pikel
  4335 | D:4      | Killed Pikel
  4336 | D:4      | Reached skill level 6 in Conjurations
  4336 | D:4      | Gained mutation: You have a tail ending in a sharp stinger.
                  | [demonic ancestry]
  4336 | D:4      | Reached XP level 8. HP: 32/52 MP: 8/14
  4458 | D:5      | Reached skill level 7 in Conjurations
  4554 | D:5      | Found a glowing drain.
  4558 | Sewer    | Entered a sewer
  5080 | Sewer    | Identified the +1 pair of gloves "Ynwuull" {Slay+2 Stlth+}
  5305 | D:5      | Noticed Prince Ribbit
  5306 | D:5      | Noticed Edmund
  5307 | D:5      | Noticed Eustachio
  5311 | D:5      | Killed Prince Ribbit
  5312 | D:5      | Reached skill level 8 in Conjurations
  5317 | D:5      | Killed Edmund
  5334 | D:5      | Killed Eustachio
  5484 | D:6      | Reached XP level 9. HP: 57/57 MP: 11/15
  5486 | D:6      | Reached skill level 5 in Alchemy
  5558 | D:6      | Found Fulerih's Overcharged Wands.
  5728 | D:6      | Reached skill level 1 in Fighting
  5814 | D:6      | Found a stormy altar of Qazlal.
  6110 | D:6      | Found Igaurr's Weapon Shop.
  6143 | D:7      | Found a sacrificial altar of Ru.
  6398 | D:7      | Found a staircase to the Ecumenical Temple.
  6428 | D:7      | Reached skill level 5 in Fighting
  6431 | Temple   | Entered the Ecumenical Temple
  6554 | D:7      | Reached skill level 1 in Staves
  6782 | D:7      | Found an ancient bone altar of Kikubaaqudgha.
  6783 | D:7      | Found a hazy altar of Hepliaklqana.
  6806 | D:7      | Killed from afar by a steam dragon

Illustrated notes

Levels and vault maps discovered:
D:1:      dpeg_arrival_round_c, layout_basic,
          hellmonk_ecumenical_altar_leap_of_faith
D:2:      layout_basic, nicolae_twisty_statue_hallways, uniq_robin, uniq_sigmund
D:3:      layout_basic, lemuel_crystal_altar
D:4:      layout_loops_ring, lemuel_mausoleum_altar_yredelemnul, serial_shops,
          nicolae_shop_tiny_glass
D:5:      layout_rooms, old_standard_altar, gup_sewer_entry_spiral,
          uniq_prince_ribbit1, uniq_edmund, uniq_eustachio, uniq_pikel
D:6:      layout_rooms, nicolae_qazlal_scattered_showers, serial_shops,
          nicolae_shop_bloodbath_and_beyond, nicolae_shop_overcharged_wands
D:7:      layout_cave_pools, chequers_temple_overflow_statue_of_worship,
          nicolae_ru_great_annihilating_truth,
          mainiacjoe_overflow_surrounded_room, minmay_temple_entry_sparse_star,
          minmay_ruffians
Temple:   hellmonk_temple_beads

Skill      XL: |  1  2  3  4  5  6  7  8  9 |
---------------+----------------------------+-----
Spellcasting   | 3 4 |  4.0
Earth Magic    | 4 5 6 |  6.0
Conjurations   | 2 6 8 |  8.0
Alchemy        | 4 5 |  5.4
Fighting       | 5 |  5.0
Staves         | 3 |  3.4
Dodging        | |  1.7
Stealth        | |  1.7

Action                     |  1- 3 |  4- 6 |  7- 9 || total
---------------------------+-------+-------+-------++-------
  Melee: Short sword       |     2 |       |       ||     2
         Staff             |       |       |    13 ||    13
         Tailslap          |       |       |     1 ||     1
         Quarterstaff      |       |       |     5 ||     5
   Cast: Sandblast         |    44 |    90 |   195 ||   329
         Stone Arrow       |       |       |     4 ||     4
         Mercury Vapours   |       |       |     3 ||     3
    Use: Potion            |       |       |     3 ||     3
   Stab: Paralysed         |       |       |     2 ||     2
 Armour: Robe              |    12 |    14 |   100 ||   126
  Dodge: Dodged            |    10 |     8 |    90 ||   108

Table legend: (Time is in decaauts)
 A = Elapsed time spent in this place.
 B = Non-inter-level travel time spent in this place.
 C = Inter-level travel time spent in this place.
 D = Time resting spent in this place.
 E = Time spent auto-exploring this place.
 F = Levels seen in this place.
 G = Mean time per level.
                   A        B        C        D        E       F      G
               +--------+--------+--------+--------+--------+-----+--------+
         Total |   7016 |   6606 |    410 |    291 |   5118 |   9 |  779.6 |
       Dungeon |   6261 |   5938 |    323 |    228 |   4704 |   7 |  894.4 |
        Temple |    104 |     17 |     87 |      0 |     13 |   1 |  104.0 |
         Sewer |    650 |    650 |      0 |     63 |    400 |   1 |  650.0 |
               +--------+--------+--------+--------+--------+-----+--------+

Top non-repeatable levels by time:
     D:1: 1241 daAuts
     D:4: 1124 daAuts
     D:2: 1055 daAuts
     D:5: 852 daAuts
     D:3: 711 daAuts
     D:6: 685 daAuts
   Sewer: 650 daAuts
     D:7: 591 daAuts
  Temple: 104 daAuts
